 Dungeon Crawl Stone Soup version 0.17.1-3-g152610e (webtiles) character file.

22732 Goblin1989 the Covert (level 13, -2/102 HPs)
             Began as a Vine Stalker Assassin on Feb 18, 2016.
             Was the Champion of Cheibriados.
             Slain by a worker ant (4 damage)
             ... on level 3 of the Lair of Beasts.
             The game lasted 00:37:00 (10768 turns).

Goblin1989 the Covert (Vine Stalker Assassin)      Turns: 10768, Time: 00:37:01

Health: -2/102     AC: 26    Str: 29    XL:     13   Next: 2%
Magic:  0/20       EV:  2    Int: 36    God:    Cheibriados [******]
Gold:   707        SH:  0    Dex: 45    Spells: 1 memorised, 7 levels left

rFire  . . .     SeeInvis .     a - +2 dagger (pierce)
rCold  . . .     Clarity  .     (armour currently unavailable)
rNeg   + + +     SustAt   .     (no shield)
rPois  +         Gourm    .     (helmet currently unavailable)
rElec  .         Spirit   +     (cloak currently unavailable)
rCorr  .         Warding  .     (gloves currently unavailable)
rMut   .         NoTele   +     (boots currently unavailable)
MR     +....                    (no amulet)
Stlth  ++++++++++               z - +4 ring of intelligence
                                l - +5 ring of dexterity

@: brilliant, agile, lethally poisoned (-2 -> -2), tree-form (expiring), very
slow, somewhat resistant to hostile enchantments, uncannily stealthy
A: (fangs 0), regeneration 3, magic shield, (antimagic bite), no device heal 3,
rot immunity
a: Bend Time, Temporal Distortion, Slouch, Step From Time, Renounce Religion


You were on level 3 of the Lair of Beasts.
You worshipped Cheibriados.
Cheibriados was exalted by your worship.
You were not hungry.
You were a tree.
You visited 2 branches of the dungeon, and saw 12 of its levels.
You also visited: Ossuary.

You collected 707 gold pieces.

Inventory:

Hand Weapons
 a - a +2 dagger of piercing (weapon)
 b - a +0 longbow
Missiles
 e - 148 arrows
Armour
 i - a +2 robe of resistance (melded)
 p - a +2 helmet (melded)
 G - a +1 cloak (melded)
Jewellery
 l - a +5 ring of dexterity (left branch)
 z - a +4 ring of intelligence (right branch)
 B - an uncursed amulet of stasis
 L - an uncursed ring of sustain attributes
Wands
 c - a wand of frost (36)
 u - a wand of digging (19)
 v - a wand of frost (27)
 E - a wand of flame (8)
 H - a wand of cold (0)
 R - a wand of cold (6)
Scrolls
 d - a scroll of amnesia
 j - 2 scrolls of teleportation
 x - a scroll of fog
 A - 2 scrolls of remove curse
 D - a scroll of magic mapping
Potions
 h - 3 potions of cancellation
 k - 6 potions of might
 n - 6 potions of curing
 t - a potion of flight
 C - a potion of lignification
 I - a potion of cure mutation
Comestibles
 g - 7 bread rations
 r - 15 fruits
 s - 7 meat rations
 O - 4 beef jerkies


   Skills:
 + Level 7.8 Fighting
 - Level 10.4 Short Blades
 - Level 1.7 Throwing
 - Level 5.5 Dodging
 + Level 14.8 Stealth
 + Level 5.2 Translocations
 + Level 8.3 Invocations


You had 7 spell levels left.
You knew the following spells:

 Your Spells              Type           Power        Failure   Level  Hunger
a - Phase Shift           Tloc           ######....   3%          5    ######.


Dungeon Overview and Level Annotations

Branches:
Dungeon (9/15)             Temple (0/1) D:5            Lair (3/8) D:9
  Snake (0/4) Lair:3          Orc (0/4) D:9
  Swamp: Lair:3-6    Shoals: Lair:3-6

Altars:
Cheibriados
Dithmenos
Gozag
Kikubaaqudgha
Makhleb
Nemelex Xobeh
Ru
Sif Muna
Trog
Xom
Yredelemnul
Zin
The Shining One
Beogh


Innate Abilities, Weirdness & Mutations

((You have razor-sharp teeth.))
You regenerate.
When hurt, damage is shared between your health and your magic reserves.
((Your bite disrupts and absorbs the magic of your enemies.))
Potions and wands cannot restore your health.
You are immune to rotting.


Message History

The bolt of cold hits the soldier ant.
You kill the soldier ant!
Cheibriados appreciates the change of pace.
Evoking this partially-identified wand wasted a few charges.
The soldier ant twitches its antennae in your direction.
The worker ant bites you but does no damage.
The worker ant barely misses you.
The worker ant bites you but does no damage. x2
Evoke which item? (* to show all) (? for menu, Esc to quit)
Zapping:
R - a wand of cold (will waste charges)
Press: ? - help, Shift-Dir - straight line, f/p - soldier ant
Aim: a soldier ant The bolt of cold hits the soldier ant.
The soldier ant is heavily wounded.
Evoking this partially-identified wand wasted a few charges.
You feel sick. The worker ant bites you.
* * * LOW HITPOINT WARNING * * *
The worker ant bites you but does no damage. x2
The worker ant bites you.
You die...

.♣♣.♣♣≈P#.## ##......# ####)..#
≈♣...♣P)#..# #.#.....## ##.P#
...>).....## ###......# #.##
♣♣...♣P≈### #.......# #.#
P♣♣.♣♣♣≈# ##.....## ##.#
≈≈♣..≈.≈# #.....## #P.#
≈...≈.≈## #......# ##.#
###.######## ##.a....######..##
#....##...####.♣a....P.#P#....#
##.............aa††...........##
........####P.................##
.........# ##........a........P#
[......### ##.......†........##
..#.##.#.#####................#
######.#.P##..........#'''#...#
# #................##.a.##..#
##.......#PP######..#..####


You could see a soldier ant and 4 worker ants.

Vanquished Creatures
  Gastronok (D:9)
  2 hydras
  Erica (D:8)
  A queen ant (Lair:3)
  Nergalle (Lair:3)
  Pikel (D:3)
  2 black mambas
  An elephant (D:9)
  7 spiny frogs
  5 komodo dragons
  The ghost of F1L1N the Ruffian, an amateur DrTm of Dithmenos (D:5)
  A troll (D:9)
  5 blink frogs (Lair:2)
  A wyvern (Lair:3)
  A spriggan (D:7)
  A basilisk (Lair:2)
  23 yaks
  Menkaure (D:4)
  8 water moccasins
  3 soldier ants (Lair:3)
  2 hungry ghosts (D:8)
  6 porcupines
  Duvessa (D:4)
  An orc warrior (D:9)
  2 nagas (Lair:3)
  3 centaurs
  3 phantoms
  2 sky beasts (D:9)
  6 ogres
  3 ice beasts
  5 crocodiles
  2 big kobolds
  14 giant frogs
  A wyvern skeleton (D:9)
  Dowan (D:4)
  2 water moccasin zombies
  3 scorpions
  A jelly (D:5)
  5 killer bees
  3 wights (D:7)
  4 hounds
  A giant frog zombie (D:6)
  6 crimson imps
  A centaur zombie (D:8)
  7 orc priests
  8 iguanas
  10 orc wizards
  2 centaur skeletons
  4 giant frog skeletons
  16 worker ants
  2 sheep
  2 big kobold zombies (Ossuary)
  2 mummies (Ossuary)
  12 adders
  15 river rats (Lair:2)
  A white imp (D:9)
  4 oozes
  3 adder zombies (Ossuary)
  2 adder skeletons
  A worm (D:3)
  8 giant geckos
  33 orcs
  10 bats
  7 giant cockroaches
  A gnoll zombie (Ossuary)
  5 hobgoblins
  5 jackals
  5 quokkas
  A ball python (D:1)
  6 giant newts
  10 goblins
  5 hobgoblin zombies (Ossuary)
  17 kobolds
  8 kobold zombies (Ossuary)
  5 orc zombies (Ossuary)
  2 quokka skeletons
  6 rats
370 creatures vanquished.

Vanquished Creatures (others)
  A bush (Lair:1)
  2 plants (Lair:2)
3 creatures vanquished.

Grand Total: 373 creatures vanquished

Notes
Turn   | Place    | Note
--------------------------------------------------------------
     0 | D:1      | Goblin1989 the Vine Stalker Assassin began the quest for the Orb.
     0 | D:1      | Reached XP level 1. HP: 11/11 MP: 2/2
   110 | D:1      | Reached XP level 2. HP: 13/15 MP: 3/3
   572 | D:1      | Reached skill level 5 in Stealth
   664 | D:1      | Reached XP level 3. HP: 16/18 MP: 4/4
   981 | D:2      | Found a snail-covered altar of Cheibriados.
   991 | D:2      | Became a worshipper of Cheibriados the Contemplative
  1153 | D:2      | Reached XP level 4. HP: 23/23 MP: 5/5
  1357 | D:2      | Found a sparkling altar of Nemelex Xobeh.
  1371 | D:2      | Reached * piety under Cheibriados
  1912 | D:3      | Found a shimmering altar of Xom.
  1923 | D:3      | Reached XP level 5. HP: 11/26 MP: 6/6
  2492 | D:4      | Noticed Pikel
  2492 | D:4      | Noticed a slave
  2492 | D:4      | Noticed a slave
  2492 | D:4      | Noticed a slave
  2492 | D:4      | Noticed a slave
  2518 | D:4      | Noticed Menkaure
  2531 | D:4      | Killed Menkaure
  2531 | D:4      | Reached ** piety under Cheibriados
  2531 | D:4      | Reached skill level 5 in Short Blades
  2531 | D:4      | Reached skill level 6 in Stealth
  2531 | D:4      | Gained mutation: You heal very quickly. [Vine Stalker growth]
  2531 | D:4      | Reached XP level 6. HP: 12/30 MP: 5/7
  2537 | D:4      | Noticed an ogre
  2545 | D:4      | HP: 1/30 [ogre/giant club (4)]
  2546 | D:4      | Killed an ogre
  2697 | D:4      | Noticed Dowan
  2698 | D:4      | Noticed Duvessa
  2730 | D:4      | Killed Duvessa
  2730 | D:4      | Reached skill level 7 in Stealth
  2730 | D:4      | Reached XP level 7. HP: 34/34 MP: 8/8
  2733 | D:4      | Killed Dowan
  2793 | D:3      | Killed Pikel
  2793 | D:3      | Reached skill level 8 in Stealth
  2793 | D:3      | Gained mutation: You have razor-sharp teeth. [Vine Stalker growth]
  2793 | D:3      | Reached XP level 8. HP: 5/38 MP: 4/9
  3487 | D:5      | Entered Level 5 of the Dungeon
  3695 | D:5      | Noticed F1L1N's ghost (amateur DrTm)
  3767 | D:5      | Killed F1L1N's ghost
  3767 | D:5      | Reached skill level 9 in Stealth
  3910 | D:5      | Found a staircase to the Ecumenical Temple.
  4042 | D:5      | Found an opulent altar of Gozag.
  4230 | D:5      | Reached XP level 9. HP: 42/42 MP: 10/10
  4266 | D:5      | Reached *** piety under Cheibriados
  4359 | D:6      | Found an ancient bone altar of Kikubaaqudgha.
  4359 | D:6      | Found a shadowy altar of Dithmenos.
  4359 | D:6      | Found a snail-covered altar of Cheibriados.
  4359 | D:6      | Found a burning altar of Makhleb.
  4359 | D:6      | Found a basalt altar of Yredelemnul.
  4364 | D:6      | Found a bloodstained altar of Trog.
  4366 | D:6      | Found a sacrificial altar of Ru.
  4489 | D:6      | Reached skill level 10 in Stealth
  5007 | D:6      | Reached **** piety under Cheibriados
  5112 | D:7      | Found a glowing silver altar of Zin.
  5193 | D:7      | Reached skill level 10 in Short Blades
  5591 | D:7      | Reached skill level 11 in Stealth
  5644 | D:7      | Reached ***** piety under Cheibriados
  5685 | D:8      | Reached skill level 1 in Dodging
  5725 | D:8      | Noticed Erica
  5735 | D:8      | Reached XP level 10. HP: 41/46 MP: 11/11
  5751 | D:8      | Killed Erica
  6017 | D:8      | Found a sand-covered staircase.
  6021 | Ossuary  | Entered an ossuary
  6253 | D:8      | Learned a level 5 spell: Phase Shift
  6282 | D:8      | Reached ****** piety under Cheibriados
  6652 | D:9      | Found a staircase to the Orcish Mines.
  6722 | D:9      | Noticed Gastronok
  6743 | D:9      | Killed Gastronok
  6743 | D:9      | Reached skill level 12 in Stealth
  6743 | D:9      | Reached XP level 11. HP: 31/54 MP: 13/15
  6786 | D:9      | Found a staircase to the Lair.
  6787 | D:9      | Noticed an elephant
  6795 | D:9      | Killed an elephant
  6940 | D:9      | Found a roughly hewn altar of Beogh.
  6983 | D:9      | Reached skill level 5 in Fighting
  7267 | D:9      | Found a glowing golden altar of the Shining One.
  7267 | D:9      | Found a deep blue altar of Sif Muna.
  7314 | Lair:1   | Entered Level 1 of the Lair of Beasts
  7435 | Lair:1   | Reached skill level 5 in Invocations
  7589 | Lair:1   | Reached skill level 13 in Stealth
  7610 | Lair:1   | Reached skill level 5 in Dodging
  8230 | Lair:2   | Reached skill level 1 in Translocations
  8278 | Lair:2   | Gained mutation: You regenerate. [Vine Stalker growth]
  8278 | Lair:2   | Reached XP level 12. HP: 61/61 MP: 17/17
  8740 | Lair:2   | Reached skill level 14 in Stealth
  8936 | Lair:2   | Noticed a six-headed hydra
  8956 | Lair:2   | Killed a six-headed hydra
  9235 | Lair:3   | Found a staircase to the Snake Pit.
  9319 | Lair:3   | Noticed a five-headed hydra
  9326 | Lair:3   | Killed a five-headed hydra
 10553 | Lair:3   | Noticed Nergalle
 10575 | Lair:3   | Killed Nergalle
 10692 | Lair:3   | Noticed a queen ant
 10746 | Lair:3   | Killed a queen ant
 10746 | Lair:3   | Reached skill level 5 in Translocations
 10746 | Lair:3   | Reached XP level 13. HP: 17/68 MP: 2/20
 10754 | Lair:3   | HP: 5/102 [soldier ant (2)]
 10759 | Lair:3   | HP: 4/102 [worker ant (3)]
 10765 | Lair:3   | HP: 3/102 [poisoned by a soldier ant]
 10768 | Lair:3   | Slain by a worker ant

Action                   |  1- 3 |  4- 6 |  7- 9 | 10-12 | 13-15 || total
-------------------------+-------+-------+-------+-------+-------++-------
Melee: Dagger            |    81 |   155 |   233 |   687 |    16 ||  1172
       Rapier            |       |       |    41 |       |       ||    41
Invok: Bend Time         |       |       |     1 |       |       ||     1
       Slouch            |       |       |       |     4 |       ||     4
Evoke: Wand              |       |     3 |     1 |       |     3 ||     7
  Use: Scroll            |       |       |     7 |    18 |     2 ||    27
       Potion            |       |       |       |     3 |     2 ||     5
 Stab: Sleeping          |    14 |     6 |    20 |    62 |       ||   102
       Distracted        |       |       |     2 |     6 |       ||     8
  Eat: Chunk             |       |     4 |       |     8 |       ||    12
       Meat ration       |       |       |     1 |       |       ||     1
       Bread ration      |       |       |       |     1 |       ||     1
       Pizza             |       |       |       |     1 |       ||     1
